 Dungeon Crawl Stone Soup version 0.30.1-9-gdf580d7c3d (webtiles) character file.

Game seed: 8075507042074634682

6973 HappyNice the Carver (level 10, -21/90 HPs)
             Began as a Pale Draconian Berserker on Sept 28, 2023.
             Was an Elder of Trog.
             Demolished by an orc warrior
             ... wielding a +0 halberd
              (27 damage)
             ... in a bailey.
             The game lasted 00:26:57 (9110 turns).

HappyNice the Carver (Pale Draconian Berserker)     Turns: 9110, Time: 00:26:57

Health: -21/90     AC:  8    Str: 25    XL:     10   Next: 81%
Magic:  10/10      EV: 19    Int:  7    God:    Trog [****..]
Gold:   563        SH:  0    Dex: 10    Spells: 9/9 levels left

rFire   + . .        s - +2 long sword (flame)
rCold   x . .        (no shield)
rNeg    . . .        (body armour unavailable)
rPois   .            (helmet restricted)
rElec   .            x - scarf {harm}
rCorr   .            (no gloves)
SInv    .            b - +0 pair of boots
Will    .....        e - amulet of regeneration
Stlth   ++           v - +5 ring of evasion
HPRegen 1.15/turn    t - ring of fire
MPRegen 0.12/turn

%: harm (+30% outgoing, +20% incoming)
@: no status effects
A: breathe steam, AC +7, unfitting armour, cold-blooded, steam resistance
a: Breathe Steam, Renounce Religion, Berserk, Trog's Hand, Brothers in Arms


You were in a bailey.
You worshipped Trog.
Trog was greatly pleased with you.
You visited 1 branch of the dungeon, and saw 10 of its levels.
You also visited: Bailey.

You collected 563 gold pieces.

Inventory:

Hand Weapons
 a - a +0 falchion of flaming
 r - a +2 short sword of holy wrath
 s - a +2 long sword of flaming (weapon)
 A - a +3 heavy flail
 M - a +0 short sword of flaming
Missiles
 F - a throwing net (quivered)
Armour
 b - a +0 pair of boots (worn)
 x - a scarf of harm (worn)
Magical Staves
 g - a staff of air
 B - a staff of fire
 K - a staff of earth
Jewellery
 e - an amulet of regeneration (around neck)
 t - a ring of fire (right hand)
 v - a +5 ring of evasion (left hand)
 w - an amulet of magic regeneration
Wands
 l - a wand of paralysis (12)
 y - a wand of flame (25)
 H - a wand of mindburst (9)
 I - a wand of roots (14)
 J - a wand of polymorph (1)
 N - a wand of acid (10)
Scrolls
 c - 8 scrolls of identify
 f - 2 scrolls of fear
 h - 2 scrolls of immolation {unknown}
 j - 3 scrolls of brand weapon
 z - 4 scrolls of teleportation
Potions
 i - 5 potions of flight
 k - 3 potions of curing
 m - 2 potions of cancellation
 n - 3 potions of brilliance {unknown}
 o - 2 potions of mutation {unknown}
 p - 3 potions of heal wounds {unknown}
 q - a potion of magic {unknown}
 u - a potion of lignification {unknown}
 C - a potion of berserk rage {unknown}
 E - 3 potions of might {unknown}
 G - 2 potions of haste {unknown}
 L - a potion of resistance {unknown}
 P - a potion of invisibility {unknown}


   Skills:
 + Level 8.6 Fighting
 + Level 0.9(7.6) Short Blades
 + Level 12.0 Long Blades
 + Level 0.2 Throwing
 + Level 8.2 Dodging
 + Level 4.0 Stealth


You had 9 spell levels left.
You didn't know any spells.
Your spell library contained the following spells:

 Spells                   Type           Power      Damage    Failure   Level
 Summon Small Mammal      Summ           0%         N/A       43%         1
 Scorch                   Fire           0%         2d5       56%         2
 Call Canine Familiar     Summ           0%         N/A       80%         3
 Portal Projectile        Hex/Tloc       0%         N/A       80%         3
 Summon Guardian Golem    Hex/Summ       0%         N/A       80%         3
 Flame Wave               Conj/Fire      0%         2d4       99%         4
 Leda's Liquefaction      Hex/Erth       0%         N/A       99%         4
 Summon Cactus Giant      Summ           0%         N/A       100%        6
 Orb of Destruction       Conj           0%         9d5       100%        7
 Spellforged Servitor     Conj/Summ      0%         N/A       100%        7


Dungeon Overview and Level Annotations

Branches:
Dungeon (10/15)            Temple (0/1) D:7          Bailey (1/1)
   Lair: D:8-11         Orc: D:9-12

Altars:
Kikubaaqudgha

Shops:
D:10 *

Annotations:
Bailey 2 runed translucent doors


Innate Abilities, Weirdness & Mutations

You can breathe blasts of scalding, opaque steam.
Your pale cyan-grey scales are hard. (AC +7)
You cannot fit into any form of body armour.
You are cold-blooded and may be slowed by cold attacks.
You are immune to the effects of steam.


Message History

You feel yourself speed up. The orc knight misses you.
Blink to where?
Press: ? - help, Dir - move target
Okay, then.
Blink to where?
Press: ? - help, Dir - move target
As you read the scroll of blinking, it crumbles to dust.
The orc shouts!
The orc knight shouts!
The orc closely misses you.
You slash the orc! You burn the orc.
You kill the orc!
Trog accepts your kill.
Things that are here:
a +0 spear; a +0 scale mail; an orc corpse An orc warrior comes into view.
It is wielding a +0 halberd.
The orc warrior shouts!
The orc warrior closely misses you.
The orc warrior hits you with a +0 halberd!
* * * LOW HITPOINT WARNING * * *
You barely miss the orc warrior. The orc warrior closely misses you.
The orc knight roars a battlecry!
The orc warrior goes into a battle-frenzy!
You barely miss the orc warrior.
The orc warrior hits you with a +0 halberd!
* * * LOW HITPOINT WARNING * * *
You hit the orc warrior. You burn the orc warrior.
Your tail-slap misses the orc warrior.
The orc warrior is lightly wounded.
The orc warrior barely misses you.
You barely miss the orc warrior.
Your tail-slap misses the orc warrior.
The orc warrior is lightly wounded.
The orc warrior completely misses you.
You miss the orc warrior.
The orc warrior is lightly wounded.
You recover from your berserk rage.
You barely miss the orc warrior.
Your tail-slap misses the orc warrior.
The orc warrior is lightly wounded.
The orc warrior hits you with a +0 halberd!!
You die...

≈≈≈≈≈≈#....#
≈≈≈≈
≈≈≈≈#....#≈≈≈≈≈
♣...#....#...≈≈
..♣............
...............
####........####
#$.####''####.$#
#)...).........#
##...8)...8o@.##
#).########..#
#).##$$[:##..#
#).#?!!?[[#..#
#..#..##..#o.#
#).#..##.e#..#
#..#......#..#
#.)##....##..#
#.)###++###..#


You could see an orc knight and an orc warrior (strong).

Vanquished Creatures
  A kobold demonologist (D:8)
  Sigmund (D:5)
  9 yaks (D:9)
  A steam dragon (D:8)
  Edmund (D:5)
  Menkaure (D:5)
  3 acid dragons
  2 water moccasins
  Duvessa (D:4)
  2 black bears
  7 orc warriors
  2 ogres (D:6)
  2 ice beasts
  A sky beast (D:8)
  2 centaurs (D:9)
  9 kobold brigands (D:8)
  4 bullfrogs
  4 scorpions
  4 gnoll sergeants (D:8)
  Dowan (D:4)
  10 killer bees
  4 howler monkeys
  2 gnoll boudas (D:8)
  6 hounds
  2 orc priests (D:5)
  4 iguanas
  3 jellies (D:6)
  An orc wizard (D:9)
  13 gnolls (D:8)
  7 adders
  2 shadow imps (D:8)
  4 white imps
  2 worms
  2 dart slugs
  14 orcs
  8 ball pythons
  4 endoplasms
  6 giant cockroaches
  6 goblins
  6 hobgoblins
  A jackal (D:8)
  2 quokkas
  5 bats
  2 frilled lizards (D:2)
  34 kobolds
  11 kobold skeletons (D:8)
  7 kobold zombies (D:8)
  4 rats
230 creatures vanquished.

Notes
Turn   | Place    | Note
-------+----------+-------------------------------------------
     0 | D:1      | HappyNice the Draconian Berserker began the quest for the
                  | Orb.
     0 | D:1      | Reached XP level 1. HP: 19/19 MP: 1/1
   200 | D:1      | Reached XP level 2. HP: 24/26 MP: 2/2
  1246 | D:2      | Reached XP level 3. HP: 33/33 MP: 3/3
  1418 | D:2      | Reached ** piety under Trog
  1539 | D:2      | Reached skill level 4 in Long Blades
  1603 | D:2      | Reached XP level 4. HP: 40/40 MP: 4/4
  2666 | D:4      | Reached XP level 5. HP: 41/46 MP: 5/5
  2720 | D:4      | Noticed Duvessa
  2720 | D:4      | Noticed Dowan
  2736 | D:4      | Killed Duvessa
  2737 | D:4      | Reached skill level 1 in Stealth
  2739 | D:4      | Killed Dowan
  2740 | D:4      | Reached skill level 5 in Long Blades
  2740 | D:4      | Reached XP level 6. HP: 51/53 MP: 6/6
  3831 | D:5      | Entered Level 5 of the Dungeon
  3833 | D:5      | Noticed a water moccasin
  3847 | D:5      | Killed a water moccasin
  3848 | D:5      | Reached skill level 6 in Long Blades
  3848 | D:5      | Your scales start taking on a pale cyan-grey colour.
  3848 | D:5      | Reached XP level 7. HP: 55/60 MP: 7/7
  3848 | D:5      | Gained mutation: You are immune to the effects of steam.
                  | [Pale Draconian growth]
  3930 | D:5      | Noticed Sigmund
  3944 | D:5      | Killed Sigmund
  3945 | D:5      | Reached skill level 5 in Fighting
  4028 | D:5      | Reached skill level 5 in Dodging
  4059 | D:5      | Reached skill level 7 in Long Blades
  4059 | D:5      | Reached XP level 8. HP: 68/68 MP: 8/8
  4320 | D:5      | Noticed Edmund
  4336 | D:5      | Killed Edmund
  4396 | D:5      | Noticed Menkaure
  4406 | D:5      | Killed Menkaure
  4772 | D:6      | Reached skill level 8 in Long Blades
  5396 | D:6      | Reached XP level 9. HP: 77/77 MP: 9/9
  5493 | D:6      | Reached skill level 9 in Long Blades
  5508 | D:6      | Reached *** piety under Trog
  6102 | D:7      | Found a staircase to the Ecumenical Temple.
  6999 | D:8      | Reached skill level 10 in Long Blades
  7712 | D:8      | Reached XP level 10. HP: 86/86 MP: 10/10
  7736 | D:8      | Found an ancient bone altar of Kikubaaqudgha.
  7769 | D:8      | Reached **** piety under Trog
  7860 | D:8      | Reached skill level 11 in Long Blades
  8968 | D:10     | Entered Level 10 of the Dungeon
  8970 | D:10     | Found Fedohoq's General Store.
  8989 | D:10     | Found a flagged portal.
  8999 | Bailey   | Entered a bailey
  9046 | Bailey   | Found a large runed translucent door.
  9046 | Bailey   | Found a large runed translucent door.
  9057 | Bailey   | Noticed a deep elf pyromancer
  9067 | Bailey   | Reached skill level 12 in Long Blades
  9081 | Bailey   | Noticed an orc knight
  9106 | Bailey   | HP: 3/90 [orc warrior/+0 halberd (18)]
  9110 | Bailey   | Demolished by an orc warrior

Illustrated notes

Levels and vault maps discovered:
D:1:      dpeg_arrival_simpleton_b, layout_loops_ring, minmay_pentomino_u4
D:2:      wander_river, layout_basic, minmay_splitting_lines
D:3:      layout_basic
D:4:      layout_basic, uniq_duvessa
D:5:      layout_rooms, uniq_menkaure, uniq_sigmund, uniq_edmund
D:6:      layout_rooms, amethyst_overflow_temple_binary, grunt_ministairs_13,
          chequers_serial_rivers_room_a, hangedman_decor_lopped, st_stairs_6
D:7:      layout_loops_corners, minmay_temple_entry_hall
D:8:      wander_kiku_kobolds, layout_cave_pools, serial_gnoll_camp,
          gnoll_camp_huts_basic, gnoll_camp_mini_hut, gnoll_camp_mini_hut,
          gnoll_camp_mini_hut
D:9:      layout_gridville
D:10:     layout_basic, gammafunk_temple_overflow_wave,
          mainiacjoe_overflow_alcove_2, lair_entry_dummy, serial_shops, shop,
          serial_rivers, chequers_serial_rivers_micro_c,
          chequers_serial_rivers_micro_d, chequers_serial_rivers_small_b,
          chequers_serial_rivers_large_b, enter_bailey_1, lightli_minifort
Bailey:   bailey_polearm_elven_captive_hellmonk, bailey

Skill      XL: |  1  2  3  4  5  6  7  8  9 10 |
---------------+-------------------------------+-----
Dodging        | 3 4 5 6 8 |  8.2
Long Blades    | 4 5 6 7 8 10 12 | 12.0
Fighting       | 4 5 6 7 8 |  8.6
Stealth        | 1 2 3 4 |  4.0
Short Blades   | |  0.9
Throwing       | |  0.2

Action                     |  1- 3 |  4- 6 |  7- 9 | 10-12 || total
---------------------------+-------+-------+-------+-------++-------
  Melee: Falchion          |   102 |    91 |       |       ||   193
         Tailslap          |    12 |    20 |    26 |    12 ||    70
         Punch             |       |     2 |     2 |     2 ||     6
         Long sword        |       |    32 |   247 |   165 ||   444
         Short sword       |       |    10 |       |       ||    10
  Throw: Dart              |       |       |     1 |       ||     1
 Invoke: Berserk           |       |     4 |     7 |     7 ||    18
         Trog's Hand       |       |       |       |     1 ||     1
Ability: Breathe Steam     |       |       |    10 |     7 ||    17
    Use: Scroll            |     5 |     3 |     4 |     1 ||    13
         Potion            |       |       |     1 |       ||     1
   Stab: Sleeping          |     1 |     1 |     1 |     1 ||     4
         Distracted        |       |       |     1 |       ||     1
 Armour: Skin              |    72 |    46 |    63 |    61 ||   242
  Dodge: Dodged            |   115 |    81 |   339 |   299 ||   834
